 Dungeon Crawl Stone Soup version 0.19-a0-473-g3ac10ee (webtiles) character file.

358 Emanloe the Shield-Bearer (level 6, -2/49 HPs)
             Began as a Formicid Fighter on June 4, 2016.
             Slain by a killer bee (5 damage)
             ... on level 5 of the Dungeon.
             The game lasted 00:07:37 (2617 turns).

Emanloe the Shield-Bearer (Formicid Fighter)        Turns: 2617, Time: 00:07:38

Health: -2/49      AC:  8    Str: 20    XL:     6   Next: 97%
Magic:  6/6        EV:  8    Int:  8    God:
Gold:   193        SH: 10    Dex: 12    Spells: 0 memorised, 5 levels left

rFire  . . .     SeeInvis +     a - +0 long sword
rCold  + . .     Gourm    .     b - +0 scale mail
rNeg   . . .     Faith    .     c - +0 shield
rPois  +         Spirit   .     (helmet unavailable)
rElec  .         Dismiss  .     d - +0 cloak
rCorr  .         Reflect  .     (no gloves)
SustAt .         Harm     .     (no boots)
MR     .....                    (no amulet)
Stlth  ..........               m - ring of poison resistance
                                p - ring of protection from cold

@: lethally poisoned (-2 -> -5), not resistant to hostile enchantments,
extremely unstealthy
A: permanent stasis, dig shafts and tunnels, four strong arms, antennae 3
a: Dig, Shaft Self


You were on level 5 of the Dungeon.
You were not hungry.

You visited 1 branch of the dungeon, and saw 5 of its levels.

You collected 193 gold pieces.

Inventory:

Hand Weapons
 a - a +0 long sword (weapon)
Armour
 b - a +0 scale mail (worn)
 c - a +0 shield (worn)
 d - a +0 cloak (worn)
Jewellery
 m - a ring of poison resistance (right hand)
 p - a ring of protection from cold (left hand)
 r - an uncursed ring of positive energy
 t - an uncursed ring of stealth {unknown}
Scrolls
 e - a scroll of random uselessness
 k - 2 scrolls of remove curse
 o - a scroll of teleportation
Potions
 j - a potion of flight
 q - a potion of agility
Comestibles
 f - 2 bread rations
 l - 3 meat rations


   Skills:
 + Level 4.5 Fighting
 * Level 4.5 Long Blades
 + Level 4.7 Armour
 + Level 4.9 Shields


You had 5 spell levels left.
You didn't know any spells.

Dungeon Overview and Level Annotations

Branches:
Dungeon (5/15)
 Temple: D:4-7

Altars:
Dithmenos
Hepliaklqana
Trog
Yredelemnul

Annotations:
D:5 Emanloe's ghost, novice FoFi; Eustachio


Innate Abilities, Weirdness & Mutations

You are under a permanent stasis effect.
You can dig through walls and to a lower floor.
Your four strong arms can wield two-handed weapons with a shield.
You have a pair of large antennae on your head. (SInv)


Message History

The shadow imp shouts, "Begone, thou defiled hedge-born nert!"
The adder skeleton barely misses you.
The giant cockroach bites you but does no damage.
The crimson imp blinks!
Unknown command.
Okay, then.
You barely miss the bat.
You feel sick.
The shadow imp disappears in a puff of smoke!
The bat hits you but does no damage. You block the killer bee's attack.
The killer bee barely misses you. You block the killer bee's attack.
The killer bee stings you but does no damage.
The killer bee stings you.
* * * LOW HITPOINT WARNING * * *
The killer bee barely misses you.
The killer bee stings you but does no damage.
The killer bee completely misses you. The killer bee barely misses you. x2
You block the adder skeleton's attack.
The giant cockroach bites you but does no damage.
The killer bee stings you.
You die...

#....$......
##..........$
#............
#............
##...b.......#
#......."....#
#.....yy..!.#
#####...ry@yy...#
##........sZy...##
.........r@W...##
.........5.....#
...........ยง...#
...............##
................#
................#
.................#


You could see Eustachio, 6 killer bees, Emanloe's ghost, a crimson imp, a river
rat, a quokka, a giant cockroach, a bat and an adder skeleton.

Vanquished Creatures
  A phantom (D:4)
  A scorpion (D:4)
  A hound (D:4)
  Crazy Yiuf (D:3)
  Ijyb (D:3)
  An orc wizard (D:4)
  4 adders
  4 oozes
  A dart slug (D:3)
  2 giant geckos
  2 orcs
  5 bats
  A giant cockroach (D:2)
  6 goblins
  7 hobgoblins
  2 kobolds (D:3)
  2 quokkas
  3 ball pythons
  11 giant newts
  4 rats
60 creatures vanquished.

Notes
Turn   | Place    | Note
--------------------------------------------------------------
     0 | D:1      | Emanloe the Formicid Fighter began the quest for the Orb.
     0 | D:1      | Reached XP level 1. HP: 18/18 MP: 1/1
    93 | D:1      | Reached XP level 2. HP: 23/24 MP: 2/2
   489 | D:1      | Reached XP level 3. HP: 29/29 MP: 3/3
  1027 | D:2      | Reached XP level 4. HP: 31/37 MP: 4/4
  1190 | D:2      | Found a hazy altar of Hepliaklqana.
  1191 | D:2      | Found a shadowy altar of Dithmenos.
  1192 | D:2      | Found a basalt altar of Yredelemnul.
  1531 | D:3      | Noticed Crazy Yiuf
  1538 | D:3      | Killed Crazy Yiuf
  1538 | D:3      | Reached XP level 5. HP: 30/42 MP: 5/5
  1805 | D:3      | Noticed Ijyb
  1827 | D:3      | Killed Ijyb
  1884 | D:3      | Found a bloodstained altar of Trog.
  1949 | D:4      | Noticed an ogre
  1954 | D:4      | HP: 1/42 [ogre/giant club (10)]
  2303 | D:4      | Noticed a phantom
  2312 | D:4      | Reached XP level 6. HP: 31/48 MP: 6/6
  2338 | D:4      | Killed a phantom
  2554 | D:4      | Noticed a phantom
  2602 | D:5      | Entered Level 5 of the Dungeon
  2602 | D:5      | Noticed Eustachio
  2604 | D:5      | Noticed Emanloe's ghost (novice FoFi)
  2617 | D:5      | Slain by a killer bee

Vault maps used:
D:1:      dpeg_arrival_refuge, minmay_lizard_king
D:2:      gammafunk_temple_overflow_forgotten
D:3:      overflow_temple_1_default, uniq_crazy_yiuf_cottage, uniq_iyjb
D:4:      first_bread, fedhas_altar_4
D:5:      basic_altar, uniq_eustachio

Skill      XL: |  1  2  3  4  5 |
---------------+----------------+-----
Shields        | 4 |  4.9
Long Blades    | 3 4 |  4.5
Armour         | 4 |  4.7
Fighting       | 4 |  4.5

Action                   |  1- 3 |  4- 6 || total
-------------------------+-------+-------++-------
Melee: Long sword        |    99 |   194 ||   293
  Use: Potion            |     1 |     5 ||     6
       Scroll            |       |     7 ||     7
  Eat: Chunk             |       |     3 ||     3
       Pizza             |       |     1 ||     1
       Bread ration      |       |     1 ||     1
Armor: Scale mail        |    32 |    83 ||   115
Dodge: Dodged            |    25 |    77 ||   102
Block: Shield            |    53 |   110 ||   163
